 Dungeon Crawl Stone Soup version 0.31.0-32-g396128a36d (webtiles) character file.

Game seed: 14883615629574022148

137477 adizb the Warrior (level 16, 0/145 HPs)
             Began as a Minotaur Fighter on Mar 19, 2024.
             Was the Champion of Hepliaklqana.
             Slain by a shock serpent (10 damage)
             ... on level 2 of the Snake Pit on Mar 20, 2024.
             The game lasted 02:15:52 (17541 turns).

adizb the Warrior (Minotaur Fighter)               Turns: 17541, Time: 02:15:54

Health: 0/145      AC: 34    Str: 27    XL:     16   Next: 46%
Magic:  0/20       EV:  7    Int:  5    God:    Hepliaklqana [******]
Gold:   571        SH:  9    Dex: 12    Spells: 15/15 levels left

rFire   + . .        T - +4 trident (vamp)
rCold   . . .        Z - +2 buckler {AC+3}
rNeg    . . .        F - +3 plate armour {rPois}
rPois   +            (helmet restricted)
rElec   .            x - +2 cloak {rF+}
rCorr   .            (no gloves)
SInv    .            D - +2 pair of boots {Fly}
Will    +....        C - amulet of guardian spirit Stlth
                     k - +4 ring of protection
HPRegen 0.44/turn    q - +4 ring of slaying
MPRegen 0.17/turn

%: guardian spirit
@: flying, constricted, invisible
A: reduced essence, horns 2, retaliatory headbutt, noise suppression
a: Renounce Religion, Recall Ancestor, Ancestor Identity, Transference, Idealise


You were on level 2 of the Snake Pit.
You worshipped Hepliaklqana.
Hepliaklqana was exalted by your worship.
You visited 5 branches of the dungeon, and saw 26 of its levels.
You also visited: Volcano.

You collected 2105 gold pieces.
You spent 1534 gold pieces at shops.

Inventory:

Hand Weapons
 n - a +4 trident of draining
 T - a +4 vampiric trident (weapon)
 X - a +2 trident of flaming
Missiles
 r - 6 atropa-tipped darts
 t - 26 boomerangs
Armour
 x - a +2 cloak of fire resistance (worn)
 D - a +2 pair of boots of flying (worn)
 F - a +3 plate armour of poison resistance (worn)
 G - a +3 ring mail of fire resistance
 Z - a +2 buckler of protection (worn)
Jewellery
 k - a +4 ring of protection (left hand)
 m - a ring of ice
 q - a +4 ring of slaying (right hand)
 y - a +5 ring of evasion
 C - an amulet of guardian spirit (around neck)
 E - a ring of fire
 O - a +6 ring of strength
 P - a ring of flight
Wands
 a - a wand of acid (20)
 l - a wand of flame (43)
 u - a wand of digging (5)
 L - a wand of iceblast (5)
Scrolls
 b - 7 scrolls of silence
 e - 8 scrolls of teleportation
 o - 5 scrolls of revelation
 p - 3 scrolls of poison
 v - 2 scrolls of summoning
 A - 6 scrolls of fear
 B - a scroll of brand weapon
 M - 3 scrolls of enchant weapon
 Q - 4 scrolls of fog
 S - a scroll of blinking
 V - a scroll of identify
Potions
 d - 2 potions of resistance
 f - 4 potions of brilliance
 h - 6 potions of haste
 i - 9 potions of ambrosia
 j - 6 potions of curing
 s - 4 potions of attraction
 w - 3 potions of invisibility
 z - 4 potions of might
 H - a potion of cancellation
 I - 4 potions of magic
 J - a potion of enlightenment
 N - 2 potions of berserk rage
 R - 3 potions of heal wounds
 W - a potion of mutation
Miscellaneous
 c - a tin of tremorstones (1/2)
 U - a phantom mirror (quivered)
 Y - a phial of floods


   Skills:
 * Level 20.0 Fighting
 + Level 18.3 Polearms
 + Level 15.3 Armour
 - Level 5.0 Dodging
 + Level 14.0 Shields
 + Level 7.9 Invocations
 - Level 5.1 Evocations


You had 15 spell levels left.
You didn't know any spells.
Your spell library contained the following spells:

 Spells                   Type           Power      Damage    Failure   Level
 Kiss of Death            Conj/Necr      0%         2d5       98%         1
 Necrotise                Necr           0%         1d4       98%         1
 Slow                     Hex            0%         N/A       98%         1
 Cigotuvi's Dreadful Rot  Necr/Alch/Air  0%         N/A       99%         2
 Confusing Touch          Hex            0%         N/A       100%        3
 Inner Flame              Hex/Fire       0%         N/A       100%        3
 Sigil of Binding         Hex            0%         N/A       100%        3
 Vampiric Draining        Necr           0%         2d6       100%        3
 Animate Armour           Summ/Erth      0%         N/A       100%        4
 Dispel Undead            Necr           0%         3d6       100%        4
 Flame Wave               Conj/Fire      0%         2d4       100%        4
 Martyr's Knell           Necr/Summ      0%         N/A       100%        4
 Sticky Flame             Fire/Alch      0%         2d4       100%        4
 Summon Lightning Spire   Summ/Air       0%         N/A       100%        4
 Curse of Agony           Necr           0%         N/A       100%        5
 Lee's Rapid Deconstruct  Erth           0%         3d4*      100%        5
 Death Channel            Necr           0%         N/A       100%        6


Dungeon Overview and Level Annotations

Branches:
Dungeon (15/15)            Temple (1/1) D:6            Lair (5/5) D:9
  Swamp (0/4) Lair:2        Snake (3/4) Lair:2        Slime (0/5) Lair:4
    Orc (2/2) D:12            Elf (0/3) Orc:2        Vaults (0/5) D:13
 Depths (0/4) D:15        Volcano (visited)

Altars:
Ashenzari
Cheibriados
Dithmenos
Elyvilon
Fedhas
Gozag
Hepliaklqana
Kikubaaqudgha
Makhleb
Nemelex Xobeh
Okawaru
Qazlal
Ru
Sif Muna
Trog
Uskayaw
Vehumet
Wu Jian
Xom
Yredelemnul
Zin
The Shining One

Shops:
D:4 :   D:15 *   Orc:1 [   Orc:2 *[=([


Innate Abilities, Weirdness & Mutations

Your life essence is reduced to manifest your ancestor. (-10% HP)
You have a pair of horns on your head.
You reflexively headbutt those who attack you in melee.
You passively dampen the noise of your surroundings.


Message History

The anaconda is moderately wounded.
The black mamba barely misses you.
The shock serpent bites you but does no damage.
The shock serpent bites you. The shock serpent shocks you!
The anaconda closely misses you. The anaconda constricts you.
The shock serpent bites you. The shock serpent shocks you!
The black mamba bites you but does no damage.
As you read the scroll of summoning, it crumbles to dust.
Wisps of shadow whirl around you... The black mamba bites you!
You block the anaconda's attack. The anaconda constricts you.
The shock serpent bites you. The shock serpent shocks you!
* * * LOW HITPOINT WARNING * * *
The shock serpent shoots out a bolt of lightning at you!
The bolt of electricity hits you!
* * * LOW HITPOINT WARNING * * *
The bolt of electricity hits your mana viper!!
The shock serpent barely misses you. The black mamba closely misses you.
The black mamba bites you but does no damage.
The anaconda bites you but does no damage.
The anaconda constricts you.
* * * LOW HITPOINT WARNING * * *
The shock serpent bites you!
* * * LOW HITPOINT WARNING * * *
The shock serpent shocks you!
* * * LOW HITPOINT WARNING * * *
The shock serpent bites you but does no damage. x2
Okay, then.
You fade into invisibility!
The black mamba bites you but does no damage.
You block the black mamba's attack. You block the anaconda's attack.
The anaconda constricts you. The shock serpent barely misses you.
You furiously retaliate!
You headbutt the shock serpent.
Your black mamba bites the shock serpent!
The shock serpent is poisoned.
Your black mamba poisons the shock serpent!
The shock serpent's electric aura discharges, shocking your black mamba!
The black mamba bites you.
* * * LOW HITPOINT WARNING * * *
The shock serpent bites you!
You die...

.....))...<######.####
...)...<.^.#### #.#
...###......†.###.#
.....#.#.####..##.#
#....).####..#.#
##...)))####...#
##..)...####..#
#...SSS.####.##
#...S@S...##..##
#...S.S#####...#
#..S.S.# ##...#
#......# #...#
#......# #...#
#......# #...#
#......# #####
########


You could see an anaconda (unable to see you), 3 shock serpents, 2 black mambas,
a friendly shock serpent (summoned), a friendly mana viper (summoned) and a
friendly black mamba (summoned).

Vanquished Creatures
  Kirke (D:13)
  8 hydras
  A merfolk avatar (Lair:5)
  6 centaur warriors
  2 anacondas
  2 boulder beetles
  An ogre mage (D:12)
  2 orc high priests (Orc:2)
  3 two-headed ogres
  13 death yaks
  2 naga sharpshooters (Snake:2)
  An occultist (Volcano)
  A fire crab (D:12)
  A skyshark (Lair:3)
  A shadow wraith (D:13)
  4 skeletal warriors (D:15)
  2 mana vipers
  Pikel (D:7)
  A wolf spider zombie (D:15)
  5 orc knights
  A phantasmal warrior (D:12)
  A necromancer (D:15)
  A sphinx simulacrum (D:15)
  4 deep elf pyromancers
  4 manticores
  2 salamanders (Volcano)
  3 orc sorcerers
  6 cyclopes
  A salamander (shapeshifter) (D:14)
  20 ugly things
  Maurice (D:8)
  A kobold blastminer (Orc:1)
  9 elephants
  2 meliai (Lair:4)
  Joseph (D:7)
  A torpor snail (Lair:5)
  A guardian serpent (Lair:2)
  11 cane toads
  6 black mambas
  4 molten gargoyles (Volcano)
  3 naga magi (Snake:2)
  3 kobold demonologists (D:9)
  5 gargoyles
  Maggie (D:6)
  7 rime drakes
  An unseen horror (D:12)
  2 yaktaurs
  4 komodo dragons
  6 tengu conjurers
  5 efreet
  A queen bee (Lair:4)
  3 trolls
  4 polar bears
  A harpy skeleton (D:15)
  8 blink frogs
  A wind drake (Lair:5)
  2 snapping turtles (Lair:5)
  Prince Ribbit (D:7)
  A hornet (Lair:5)
  A meliai zombie (D:15)
  2 dream sheep (D:7)
  11 slime creatures
  A vampire (D:12)
  6 wyverns
  3 hogs (D:13)
  A wraith (D:11)
  A yak (shapeshifter) (D:14)
  5 basilisks
  16 yaks
  2 steam dragons (D:7)
  A redback (shapeshifter) (D:13)
  3 wargs
  Menkaure (D:7)
  6 nagas
  4 vampire mosquitoes
  2 swamp worms (Lair:2)
  An acid dragon (D:9)
  11 water moccasins
  12 orc warriors
  2 sky beasts
  2 ice beasts
  2 ogres
  6 laughing skulls
  13 wolves
  3 lemures (D:7)
  4 centaurs
  2 phantoms (D:6)
  A gnoll sergeant (D:6)
  13 bullfrogs
  5 kobold brigands
  4 scorpions
  8 wights
  A hornet simulacrum (D:15)
  29 killer bees
  An electric eel (Lair:3)
  A howler monkey (D:6)
  2 bombardier beetles (D:4)
  2 jellies
  Crazy Yiuf (D:2)
  3 gnoll boudas
  A hound (D:4)
  14 orc priests
  Natasha (thrice) (D:2)
  2 iguanas
  16 orc wizards
  16 gnolls
  9 adders
  A shadow imp (D:5)
  A white imp (D:7)
  2 ribbon worms (D:3)
  3 dart slugs
  61 orcs
  11 endoplasms
  4 giant cockroaches
  5 goblins
  6 hobgoblins
  9 jackals
  31 kobolds
  2 quokkas
  2 ball pythons
  6 bats
  2 frilled lizards (D:1)
  5 rats
604 creatures vanquished.

Vanquished Creatures (collateral kills)
  A tengu reaver (D:12)
  An orc warlord (Orc:2)
  Nessos (D:15)
  A rakshasa (D:15)
  A hydra (Lair:2)
  A two-headed ogre (D:11)
  5 death yaks
  A boulder beetle (D:12)
  An occultist (D:15)
  2 orc high priests (Orc:2)
  2 naga sharpshooters (Snake:1)
  2 skysharks
  A sea snake (Lair:5)
  An orc sorcerer (Orc:2)
  2 salamanders (Volcano)
  5 ugly things
  3 cyclopes
  A meliai (Lair:4)
  A kobold blastminer (Orc:1)
  2 elephants
  2 black mambas
  A molten gargoyle (Volcano)
  3 cane toads
  5 rime drakes
  8 komodo dragons
  Jeremiah (D:8)
  An unseen horror (D:12)
  An efreet (D:14)
  2 tengu conjurers
  3 trolls
  8 blink frogs
  A slime creature (D:12)
  A vampire (D:11)
  6 yaks
  2 wyverns
  4 basilisks
  A hog (D:13)
  4 nagas
  4 water moccasins
  An acid dragon (D:11)
  12 orc warriors
  2 ogres (Orc:1)
  11 wolves
  2 centaurs (D:13)
  A kobold brigand (D:9)
  3 bullfrogs
  A wight (D:8)
  10 killer bees
  2 electric eels
  9 orc priests
  8 orc wizards
  2 gnolls (D:9)
  20 orcs
  5 kobolds (D:9)
  A butterfly (Lair:4)
183 creatures vanquished.

Vanquished Creatures (others)
  A molten gargoyle (Volcano)
  A tengu conjurer (D:12)
  2 orc warriors (Orc:2)
  A centaur (D:12)
  21 battlemagi
  2 kobolds (D:7)
28 creatures vanquished.

Grand Total: 815 creatures vanquished

Notes
Turn   | Place    | Note
-------+----------+-------------------------------------------
     0 | D:1      | adizb the Minotaur Fighter began the quest for the Orb.
     0 | D:1      | Reached XP level 1. HP: 19/19 MP: 0/0
   233 | D:1      | Reached XP level 2. HP: 26/27 MP: 1/1
   791 | D:2      | Reached skill level 4 in Fighting
   791 | D:2      | Reached XP level 3. HP: 33/33 MP: 2/2
   853 | D:2      | Identified the +0 helmet of Foinid {Regen+ rCorr Str+3
                  | Dex-5}
  1066 | D:2      | Noticed Natasha
  1073 | D:2      | Killed Natasha
  1409 | D:2      | Noticed Natasha
  1422 | D:2      | Killed Natasha
  1423 | D:2      | Reached XP level 4. HP: 26/40 MP: 3/3
  1500 | D:2      | Found a runed translucent door.
  1501 | D:2      | Noticed Crazy Yiuf
  1507 | D:2      | Paralysed by Crazy Yiuf for 1 turns
  1508 | D:2      | Killed Crazy Yiuf
  1606 | D:2      | Noticed Natasha
  1611 | D:2      | Killed Natasha
  1612 | D:2      | Reached XP level 5. HP: 47/47 MP: 4/4
  2232 | D:4      | Reached skill level 5 in Polearms
  2255 | D:4      | Reached XP level 6. HP: 22/55 MP: 5/5
  2423 | D:4      | Reached skill level 5 in Shields
  2426 | D:4      | Reached skill level 5 in Fighting
  2577 | D:4      | Identified the +0 robe "Xiph" {+Inv Int+2}
  2609 | D:4      | Reached skill level 5 in Armour
  2651 | D:4      | Found Raowkedi's Self-Published Books.
  2777 | D:4      | Found an ornate altar of the Wu Jian Council.
  2889 | D:5      | Entered Level 5 of the Dungeon
  3044 | D:5      | Found a sparkling altar of Nemelex Xobeh.
  3123 | D:5      | Reached XP level 7. HP: 61/61 MP: 6/6
  3186 | D:5      | Found a glowing golden altar of the Shining One.
  3308 | D:5      | Reached skill level 6 in Fighting
  3735 | D:6      | Reached skill level 7 in Fighting
  3735 | D:6      | Reached XP level 8. HP: 49/73 MP: 7/7
  3813 | D:6      | Noticed Maggie
  3844 | D:6      | Killed Maggie
  3845 | D:6      | Reached skill level 1 in Dodging
  3890 | D:6      | Gained mutation: You have sharp fingernails. [potion of
                  | mutation]
  3890 | D:6      | Gained mutation: You are weak. (Str -2) [potion of
                  | mutation]
  3890 | D:6      | Gained mutation: Your mind is acute. (Int +4, Str/Dex -1)
                  | [potion of mutation]
  3891 | D:6      | Lost mutation: Your mind is acute. (Int +4, Str/Dex -1)
                  | [potion of mutation]
  3891 | D:6      | Lost mutation: You have sharp fingernails. [potion of
                  | mutation]
  3891 | D:6      | Gained mutation: Your body sometimes deteriorates upon
                  | taking damage. [potion of mutation]
  3891 | D:6      | Gained mutation: You are dopey. (Int -2) [potion of
                  | mutation]
  3891 | D:6      | Lost mutation: You are weak. (Str -2) [potion of mutation]
  4057 | D:6      | Reached skill level 8 in Fighting
  4109 | D:6      | Found a staircase to the Ecumenical Temple.
  4119 | Temple   | Entered the Ecumenical Temple
  4150 | Temple   | Became a worshipper of Hepliaklqana the Forgotten
  4379 | D:7      | Noticed a +0 dagger
  4379 | D:7      | Noticed a +0 dagger
  4379 | D:7      | Found a hide-covered altar of Uskayaw.
  4497 | D:7      | Noticed a dream sheep
  4498 | D:7      | Noticed a dream sheep
  4502 | D:7      | Killed a dream sheep
  4503 | D:7      | Reached XP level 9. HP: 55/82 MP: 4/8
  4508 | D:7      | Reached skill level 9 in Fighting
  4558 | D:7      | Noticed Joseph
  4568 | D:7      | Killed Joseph
  4569 | D:7      | Reached skill level 10 in Polearms
  4582 | D:7      | Noticed Pikel
  4583 | D:7      | Noticed Menkaure
  4695 | D:7      | Killed Pikel
  4792 | D:7      | Killed Menkaure
  4793 | D:7      | Reached skill level 10 in Fighting
  5056 | D:7      | Reached * piety under Hepliaklqana
  5110 | D:7      | Noticed Prince Ribbit
  5125 | D:7      | Killed Prince Ribbit
  5126 | D:7      | Reached XP level 10. HP: 73/84 MP: 7/9
  5415 | D:8      | Noticed Jeremiah
  5460 | D:8      | Killed Jeremiah
  5754 | D:8      | Noticed a two-headed ogre
  5767 | D:8      | Killed a two-headed ogre
  5768 | D:8      | Reached skill level 11 in Fighting
  5768 | D:8      | Reached skill level 5 in Dodging
  5853 | D:8      | Noticed Maurice
  5864 | D:8      | Killed Maurice
  6231 | D:9      | Reached ** piety under Hepliaklqana
  6232 | D:9      | Remembered your ancestor XXX Magus XXX as a battlemage
  6240 | D:9      | Noticed a smoke demon
  6461 | D:9      | Reached skill level 12 in Fighting
  6482 | D:9      | Lost mutation: Your body sometimes deteriorates upon taking
                  | damage. [potion of mutation]
  6482 | D:9      | Lost mutation: You are dopey. (Int -2) [potion of mutation]
  6482 | D:9      | Gained mutation: Your mind is acute. (Int +4, Str/Dex -1)
                  | [potion of mutation]
  6482 | D:9      | Gained mutation: You are covered in fur. (AC +1) [potion of
                  | mutation]
  6585 | D:9      | You fall into a shaft and drop 2 floors!
  6598 | D:11     | Reached XP level 11. HP: 93/93 MP: 10/10
  6632 | D:10     | Entered Level 10 of the Dungeon
  6849 | D:9      | Found a staircase to the Lair.
  6881 | D:9      | Found a shadowy altar of Dithmenos.
  6916 | D:10     | Identified the serpent talisman "Wotom" {*Slow rN+ Str+5}
  7166 | D:10     | Reached *** piety under Hepliaklqana
  7259 | D:10     | Lost mutation: You are covered in fur. (AC +1) [potion of
                  | mutation]
  7259 | D:10     | Lost mutation: Your mind is acute. (Int +4, Str/Dex -1)
                  | [potion of mutation]
  7259 | D:10     | Gained mutation: You passively dampen the noise of your
                  | surroundings. [potion of mutation]
  7531 | D:10     | Found a sacrificial altar of Ru.
  7580 | D:11     | Noticed a two-headed ogre
  7590 | D:11     | Killed a two-headed ogre
  7740 | D:11     | Noticed a two-headed ogre
  7746 | D:11     | Killed a two-headed ogre
  7770 | D:11     | Reached skill level 13 in Fighting
  7981 | Lair:1   | Entered Level 1 of the Lair of Beasts
  8021 | Lair:1   | Reached skill level 10 in Armour
  8271 | Lair:1   | Reached XP level 12. HP: 104/104 MP: 11/11
  8329 | Lair:1   | Reached **** piety under Hepliaklqana
  8594 | Lair:2   | Reached skill level 14 in Fighting
  8719 | Lair:2   | Noticed a five-headed hydra
  8725 | Lair:2   | Killed a five-headed hydra
  8942 | Lair:2   | Noticed a five-headed hydra
  8950 | Lair:2   | Killed a five-headed hydra
  8951 | Lair:2   | Reached skill level 15 in Polearms
  8953 | Lair:2   | Found a staircase to the Swamp.
  8980 | Lair:2   | Found a staircase to the Snake Pit.
  8993 | Lair:2   | You fall into a shaft and drop 2 floors!
  9189 | Lair:4   | Reached skill level 15 in Fighting
  9202 | Lair:4   | Noticed a seven-headed hydra
  9210 | Lair:4   | Killed a seven-headed hydra
  9211 | Lair:4   | Reached skill level 1 in Evocations
  9236 | Lair:4   | Reached ***** piety under Hepliaklqana
  9274 | Lair:4   | Found a staircase to the Slime Pits.
  9325 | Lair:4   | Noticed a death yak
  9326 | Lair:4   | Noticed a death yak
  9326 | Lair:4   | Noticed a death yak
  9332 | Lair:4   | Killed a death yak
  9338 | Lair:4   | Killed a death yak
  9342 | Lair:4   | Killed a death yak
  9371 | Lair:4   | Reached XP level 13. HP: 108/114 MP: 10/12
  9532 | Lair:4   | Reached skill level 10 in Shields
  9539 | Lair:4   | Reached skill level 16 in Fighting
  9771 | Lair:4   | Reached skill level 1 in Invocations
 10003 | Lair:5   | Entered Level 5 of the Lair of Beasts
 10142 | Lair:5   | Reached skill level 17 in Fighting
 10298 | Lair:5   | Reached XP level 14. HP: 72/126 MP: 7/15
 10309 | Lair:5   | Identified the +1 troll leather armour of Inference {-Tele
                  | Regen+ Str+4 Int+2}
 10311 | Lair:5   | Got an earthy gem with 1585 turns to spare
 10980 | Lair:3   | Reached skill level 18 in Fighting
 11265 | Lair:3   | Found a dark tunnel.
 11274 | Volcano  | Entered a volcano
 11426 | Volcano  | Noticed an orb of fire
 11463 | Volcano  | Noticed an orb of fire
 11485 | Volcano  | Reached skill level 5 in Invocations
 11859 | Lair:3   | Reached ****** piety under Hepliaklqana
 12353 | D:12     | Found a staircase to the Orcish Mines.
 12732 | D:12     | Reached XP level 15. HP: 120/135 MP: 14/18
 12763 | D:12     | Noticed a tengu reaver
 13295 | D:12     | Killed a tengu reaver
 13304 | D:12     | Identified the +8 dagger "Gyhi" {flame, Str+2}
 13624 | D:13     | Found a gate to the Vaults.
 13837 | D:13     | Reached skill level 19 in Fighting
 13883 | D:13     | Noticed Kirke
 13893 | D:13     | Killed Kirke
 14647 | D:15     | Entered Level 15 of the Dungeon
 14652 | D:15     | Noticed Nessos
 14667 | D:15     | Killed Nessos
 14693 | D:15     | Found Wearch's Elemental Accessories.
 15275 | D:15     | HP: 6/136 [acid (9)]
 15489 | D:15     | Reached XP level 16. HP: 144/144 MP: 20/20
 15515 | D:15     | Reached skill level 5 in Evocations
 15530 | D:15     | Found a staircase to the Depths.
 15709 | Orc:1    | Entered Level 1 of the Orcish Mines
 15783 | Orc:1    | Reached skill level 15 in Armour
 15806 | Orc:1    | Found Jeoloebb's Antique Armour Emporium.
 15924 | Orc:2    | Entered Level 2 of the Orcish Mines
 15937 | Orc:2    | Found a staircase to the Elven Halls.
 16422 | Orc:2    | Found Xanus's General Store.
 16423 | Orc:2    | Found Lebiy's Jewellery Emporium.
 16427 | Orc:2    | Found Teypeum's Antique Armour Emporium.
 16427 | Orc:2    | Found Rudi's Antique Weapon Shoppe.
 16493 | Orc:2    | Bought a glowing plate armour for 832 gold pieces
 16687 | Orc:2    | Found Baqe's Antique Armour Shop.
 16695 | Orc:2    | Bought a shiny plate armour for 702 gold pieces
 17212 | Snake:1  | Entered Level 1 of the Snake Pit
 17357 | Snake:1  | Identified the +4 hand axe of Prudence {antimagic, rC+
                  | Will+}
 17455 | Snake:2  | Reached skill level 20 in Fighting
 17541 | Snake:2  | Slain by a shock serpent

Illustrated notes

Levels and vault maps discovered:
D:1:      arrival_zaba_pyramid, layout_basic, nicolae_kite_square_tiling_tiny,
          chequers_serial_rivers_marsh, st_stairs_6
D:2:      layout_loops_ring, uniq_natasha, uniq_crazy_yiuf_cottage
D:3:      layout_basic
D:4:      layout_loops_cross, lemuel_doored_altar, nicolae_custom_books
D:5:      layout_rooms, mainiacjoe_overflow_paths, mainiacjoe_overflow_boulevard
D:6:      minmay_general_purpose_star, layout_basic, temple_doors_e,
          hangedman_abyss_or_decor_lesser_grid, minmay_misc_feat_enclosed,
          uniq_maggie
D:7:      layout_basic, dancing_weapons_uskayaw, minmay_misc_feat_iff,
          dreamdust_gnoll_shepherd, uniq_pikel, uniq_joseph,
          uniq_prince_ribbit1, uniq_menkaure
D:8:      lemuel_ratsnest, layout_layer_cave, hangedman_decor_growths,
          uniq_maurice, uniq_jeremiah
D:9:      layout_rooms, grunt_dithmenos_smoke, lair_entry_dummy
D:10:     layout_basic, lemuel_round_altar, serial_co_window_serial,
          co_window_corner_a, co_window_paths_b, co_window_paths_b,
          co_window_paths_b, co_window_corner_a, co_window_paths_a,
          co_window_paths_c, co_window_of_opportunity_b, co_window_2corner,
          co_window_2corner, glass_columns_a, glass_columns_a, glass_columns_a,
          chequers_serial_rivers_large_b
D:11:     layout_rooms, wad_floor_pattern_1
D:12:     minmay_expanding_squares, layout_rooms, david_orc_4
D:13:     layout_basic, david_vaults_4, uniq_kirke
D:14:     layout_roguey, minivault_14, grunt_potential
D:15:     grunt_enter_depths_magical_seal, layout_cross,
          hangedman_abyss_or_decor_jellyfish_corner, nicolae_elemental_shop,
          uniq_nessos
Temple:   nicolae_temple_slightly_damp_pantheon
Lair:1:   minmay_guarded_unrand_snakebite, layout_loops_ring,
          beast_lair_carwin_10
Lair:2:   layout_roguey, palyth_hydra_swamp_entry,
          minmay_snake_entry_spellcaster, chequers_serial_rivers_marsh,
          minivault_11, infiniplex_staircase_pool_2
Lair:3:   layout_layer_cave, lightli_volcano_entry_magma_tube,
          grunt_megastairs_2, serial_bayou_shore_a
Lair:4:   regret_index_bee_streams, layout_gridlike, dpeg_slime_entry_enclosed,
          infiniplex_staircase_pool, lemuel_fruit_fields
Lair:5:   gammafunk_lair_ancient_temple, layout_cave_shapes, lemuel_fruit_tree
Snake:1:  layout_cave_pods
Snake:2:  layout_rooms
Snake:3:  layout_layer_cave, ebering_ghost_inner_flame, evilmike_ambush
          [evilmike_ambush_outer_basic, evilmike_ambush_inner_basic],
          minmay_shoptagon, uniq_aizul, uniq_louise
Orc:1:    layout_caves, serial_shops, shop
Orc:2:    st_orc_congregation, layout_diamond_mine, serial_shops, shop,
          nicolae_orc_crystal_seam

Skill      XL: |  1  2  3  4  5  6  7  8  9 10 11 12 13 14 15 16 |
---------------+-------------------------------------------------+-----
Polearms       | 3 4 5 6 7 9 10 12 14 15 16 17 18 | 18.3
Fighting       | 4 5 7 8 10 12 13 15 17 18 19 20 | 20.0
Shields        | 4 5 6 8 9 11 12 13 14 | 14.0
Armour         | 4 5 6 7 8 9 10 11 12 13 14 15 | 15.3
Dodging        | 2 4 5 |  5.0
Evocations     | 2 4 5 |  5.1
Invocations    | 2 5 7 |  7.9

Action                     |  1- 3 |  4- 6 |  7- 9 | 10-12 | 13-15 | 16-18 || total
---------------------------+-------+-------+-------+-------+-------+-------++-------
  Melee: Trident           |    99 |   107 |       |   435 |  1245 |   262 ||  2148
         Headbutt          |    10 |    15 |    23 |    57 |   324 |    46 ||   475
         Halberd           |       |    54 |    83 |       |       |       ||   137
         Glaive            |       |       |   146 |    21 |       |       ||   167
         Unarmed           |       |       |       |       |     7 |       ||     7
  Throw: Boomerang         |       |       |    12 |       |     4 |       ||    16
 Invoke: Ancestor Identity |       |       |     1 |     1 |       |       ||     2
         Ancestor Life: Ba |       |       |       |     1 |       |       ||     1
         Recall Ancestor   |       |       |       |     2 |       |     1 ||     3
         Idealise          |       |       |       |       |       |     3 ||     3
  Evoke: Tin of tremorston |       |       |       |       |     1 |     1 ||     2
         Phantom mirror    |       |       |       |       |     1 |       ||     1
    Use: Potion            |       |     1 |     4 |     3 |     3 |     1 ||    12
         Scroll            |       |       |    18 |     7 |    13 |     7 ||    45
   Stab: Distracted        |       |       |       |     2 |    17 |     4 ||    23
 Armour: Plate armour      |    58 |    92 |   142 |   213 |   728 |   151 ||  1384
         Scale mail        |     3 |       |       |       |       |       ||     3
         Skin              |       |       |       |       |     5 |       ||     5
  Dodge: Dodged            |    15 |    48 |   122 |   150 |   259 |    60 ||   654
  Block: Buckler           |    15 |    11 |       |    69 |   237 |    74 ||   406
